 Dungeon Crawl Stone Soup version 0.27.1-33-g824d729ab1 (webtiles) character file.

Game seed: 6640385118553389812

890 MisterFreud the Nimble (level 7, -2/34 HPs)
             Began as a Felid Berserker on Dec 30, 2021.
             Was a Priest of Trog.
             Slain by Jazqba's ghost (4 damage)
             ... on level 6 of the Dungeon.
             The game lasted 00:07:27 (8229 turns).

MisterFreud the Nimble (Felid Berserker)            Turns: 8229, Time: 00:07:28

Health: -2/34      AC:  2    Str: 13    XL:     7   Next: 77%
Magic:  8/8        EV: 23    Int:  9    God:    Trog [***...]
Gold:   191        SH:  0    Dex: 17    Spells: 6/6 levels left
                                        Lives:  0   Deaths: 2

rFire    . . .     SeeInvis +     - Unarmed
rCold    . . .     Faith    .   (shield unavailable)
rNeg     . . .     Spirit   .   (armour unavailable)
rPois    .         Reflect  .   (helmet unavailable)
rElec    .         Harm     .   (cloak unavailable)
rCorr    .         Rampage  .   (gloves unavailable)
Will     +....                  (boots unavailable)
Stlth    +++.......             (no amulet)
HPRegen  0.11/turn              (no ring)
MPRegen  0.11/turn              (no ring)

@: on berserk cooldown, slowed, slow
A: very small, claws 1, fangs 3, see invisible, speed 1, shaggy fur 2, stealthy
paws, no weapons or thrown items, no armour, multi-lived
a: Renounce Religion, Berserk, Trog's Hand


You were on level 6 of the Dungeon.
You worshipped Trog.
Trog was most pleased with you.
You visited 1 branch of the dungeon, and saw 6 of its levels.

You collected 191 gold pieces.

Inventory:

Jewellery
 c - a ring of ice
 e - a ring of willpower
 t - a ring of protection from fire
Wands
 f - a wand of flame (33)
Scrolls
 b - 2 scrolls of immolation {unknown}
 d - a scroll of noise {unknown}
 g - a scroll of acquirement {unknown}
 i - 4 scrolls of teleportation {unknown}
 l - 5 scrolls of identify {unknown}
 m - a scroll of enchant weapon {unknown}
 o - a scroll of fear {unknown}
 p - a scroll of magic mapping {unknown}
 s - a scroll of enchant armour {unknown}
Potions
 a - a potion of curing {unknown}
 h - a potion of resistance {unknown}
 j - a potion of lignification {unknown}
 k - a potion of mutation {unknown}
 n - a potion of degeneration {unknown}
 q - a potion of heal wounds {unknown}
 r - 2 potions of brilliance {unknown}


   Skills:
 + Level 5.8 Fighting
 - Level 10.0 Dodging
 - Level 6.0 Stealth
 - Level 6.0 Unarmed Combat


You had 6 spell levels left.
You didn't know any spells.
Your spell library was empty.

Dungeon Overview and Level Annotations

Branches:
Dungeon (6/15)
 Temple: D:4-7

Altars:
Kikubaaqudgha
Makhleb
Wu Jian

Annotations:
D:6 1 transporter, Jazqba's ghost, novice HOGl


Innate Abilities, Weirdness & Mutations

You have sharp claws.
You have razor-sharp teeth.
You have supernaturally acute eyesight. (SInv)
You cover ground quickly. (Speed+)
You are covered in thick fur. (AC +2)
Your paws help you pounce on unaware monsters.
You are incapable of wielding weapons or throwing items.
You cannot wear armour.
You gain extra lives every three experience levels.


Message History

Jazqba's ghost barely misses you.
You claw Jazqba's ghost! Your bite misses Jazqba's ghost.
Jazqba's ghost is moderately damaged.
You barely miss Jazqba's ghost.
Jazqba's ghost is moderately damaged.
Jazqba's ghost hits you!
You scratch Jazqba's ghost but do no damage.
Jazqba's ghost is moderately damaged.
Jazqba's ghost barely misses you.
You scratch Jazqba's ghost. You bite Jazqba's ghost.
Jazqba's ghost is heavily damaged.
You claw Jazqba's ghost!
Jazqba's ghost is heavily damaged.
Jazqba's ghost barely misses you.
You scratch Jazqba's ghost.
Jazqba's ghost is severely damaged.
You scratch Jazqba's ghost but do no damage.
Jazqba's ghost is severely damaged.
You are no longer berserk.
You are exhausted.
You feel yourself slow down. Jazqba's ghost hits you.
You barely miss Jazqba's ghost.
You claw Jazqba's ghost, but do no damage.
Jazqba's ghost is severely damaged.
Jazqba's ghost closely misses you.
You scratch Jazqba's ghost but do no damage.
Jazqba's ghost is severely damaged.
Jazqba's ghost closely misses you. Jazqba's ghost barely misses you.
You scratch Jazqba's ghost but do no damage.
Your bite misses Jazqba's ghost.
Jazqba's ghost is severely damaged.
Jazqba's ghost completely misses you.
You barely miss Jazqba's ghost.
Jazqba's ghost is severely damaged.
Jazqba's ghost hits you.
You scratch Jazqba's ghost.
Jazqba's ghost is severely damaged.
Jazqba's ghost hits you. Jazqba's ghost hits you!
* * * LOW HITPOINT WARNING * * *
You die...

..##....#..........©.............
..##....#......#########.........
..#.....#...#.##8.....8##........
..#.....#...#.#........©#........
..#....######.#..#...#..#........
..##...##...#.#.#.....#.#........
..##....)...(.#.C..©....#........
..#...........#Z#W....#.#..<.....
..#...........#.@#...#..#........
..'.........#.#.........#.)......
..#.........#.##8.$?(.8##)#######
..##...........#########.)#
####...............©.....##
.......##...##.........).#
.......#######......##))####
............##.....###..##.##
####................#.......#


You could see Jazqba's ghost and a centaur skeleton.

Vanquished Creatures
  An orc warrior (D:6)
  A black bear (D:4)
  2 ogres (D:5)
  A bullfrog (D:6)
  5 scorpions
  A wyvern skeleton (D:6)
  A jelly (D:6)
  2 water moccasin skeletons
  4 wights (D:6)
  5 orc priests
  A hound (D:4)
  A bullfrog skeleton (D:5)
  Terence (D:2)
  An iguana (D:4)
  3 orc wizards
  3 gnolls
  7 adders
  A white imp (D:6)
  An ufetubus (D:5)
  A worm (D:3)
  A dart slug (D:5)
  12 orcs
  8 endoplasms
  5 giant cockroaches
  7 goblins
  7 hobgoblins
  3 jackals (D:2)
  9 quokkas
  7 ball pythons
  10 bats
  9 frilled lizards
  8 kobolds
  3 rats
132 creatures vanquished.

Vanquished Creatures (others)
  6 plants (D:2)
6 creatures vanquished.

Grand Total: 138 creatures vanquished

Notes
Turn   | Place    | Note
-------+----------+-------------------------------------------
     0 | D:1      | MisterFreud the Felid Berserker began the quest for the
                  | Orb.
     0 | D:1      | Reached XP level 1. HP: 10/10 MP: 2/2
   165 | D:1      | Reached skill level 1 in Stealth
   467 | D:1      | Reached XP level 2. HP: 14/14 MP: 3/3
   810 | D:1      | Reached XP level 3. HP: 11/17 MP: 4/4
   827 | D:1      | Reached ** piety under Trog
  2038 | D:2      | Reached XP level 4. HP: 21/21 MP: 5/5
  2414 | D:2      | Noticed Terence
  2435 | D:2      | Killed Terence
  2568 | D:2      | Reached XP level 5. HP: 24/24 MP: 6/6
  3687 | D:3      | Reached skill level 5 in Stealth
  3873 | D:3      | Reached *** piety under Trog
  4299 | D:4      | Found an ornate altar of the Wu Jian Council.
  4308 | D:4      | Reached skill level 5 in Unarmed Combat
  4356 | D:4      | Gained mutation: You are covered in thick fur. (AC +2)
                  | [Felid growth]
  4356 | D:4      | Reached XP level 6. HP: 27/28 MP: 7/7
  4508 | D:4      | Found an ancient bone altar of Kikubaaqudgha.
  4600 | D:4      | Reached skill level 5 in Dodging
  4608 | D:4      | Killed from afar by an orc priest
  4609 | D:4      | Reached XP level 5. HP: -2/24 MP: 6/6
  4713 | D:4      | Reached XP level 6. HP: 28/28 MP: 7/7
  5185 | D:5      | Entered Level 5 of the Dungeon
  5196 | D:5      | Reached skill level 6 in Dodging
  5300 | D:5      | Reached skill level 7 in Dodging
  5805 | D:5      | Reached XP level 7. HP: 27/31 MP: 8/8
  6025 | D:5      | Reached skill level 8 in Dodging
  6836 | D:6      | Reached skill level 9 in Dodging
  7288 | D:6      | Reached skill level 10 in Dodging
  7355 | D:6      | Found a burning altar of Makhleb.
  7527 | D:5      | HP: 1/29 [wight (2)]
  7528 | D:5      | Mangled by a wight
  7529 | D:5      | Reached XP level 6. HP: -10/37 MP: 7/7
  7625 | D:6      | Reached XP level 7. HP: 11/31 MP: 8/8
  7786 | D:6      | Noticed a cyclops
  7790 | D:6      | Noticed Jazqba's ghost (novice HOGl)
  7889 | D:6      | Found a transporter.
  7893 | D:6      | Found a transporter.
  8075 | D:6      | Reached skill level 5 in Fighting
  8229 | D:6      | Slain by Jazqba's ghost

Illustrated notes

Levels and vault maps discovered:
D:1:      co_arrival_two_rings, layout_basic, serial_bayou_crossing
D:2:      wad_woods_tower, layout_loops_corners, serial_glass, glass_columns_b,
          glass_columns_b, minmay_puff, uniq_terence
D:3:      layout_loops_corners
D:4:      layout_rooms, nicolae_kikubaaqudgha_miasma_corner,
          mainiacjoe_overflow_small_starburst, small_statue_intersection,
          kennysheep_donut, minmay_checkerbox
D:5:      layout_loops_corners, serial_rivers, chequers_serial_rivers_room_b,
          chequers_serial_rivers_marsh, chequers_serial_rivers_small_3,
          chequers_serial_rivers_small_3, minmay_misc_feat_encased
D:6:      layout_gridville, general_overflow_altar, gammafunk_ghost_arena

Skill      XL: |  1  2  3  4  5  6  7 |
---------------+----------------------+-----
Stealth        | 1 2 3 4 5 6 |  6.0
Unarmed Combat | 4 5 6 |  6.0
Dodging        | 7 10 | 10.0
Fighting       | 5 |  5.8

Action                   |  1- 3 |  4- 6 |  7- 9 || total
-------------------------+-------+-------+-------++-------
Melee: Unarmed           |   109 |   194 |   120 ||   423
       Punch             |     2 |     1 |     2 ||     5
       Bite              |     8 |    12 |    17 ||    37
Invok: Berserk           |     5 |     8 |     8 ||    21
       Trog's Hand       |       |     2 |     1 ||     3
 Stab: Sleeping          |     2 |    14 |     3 ||    19
       Distracted        |     1 |     1 |       ||     2
Armor: Skin              |     2 |     7 |     1 ||    10
Dodge: Dodged            |    82 |   142 |    73 ||   297
